 Dungeon Crawl Stone Soup version 0.19.0-2-gae57169 (webtiles) character file.

1255 Gingerlord the Chopper (level 8, -6/61 HPs)
             Began as a Human Wanderer on Nov 7, 2016.
             Was an Initiate of Okawaru.
             Mangled by a hornet zombie (14 damage)
             ... on level 6 of the Dungeon.
             The game lasted 00:17:28 (7869 turns).

Gingerlord the Chopper (Human Wanderer)             Turns: 7869, Time: 00:17:28

Health: -6/61      AC:  0    Str: 16    XL:     8   Next: 80%
Magic:  9/9        EV: 13    Int: 11    God:    Okawaru [......]
Gold:   167        SH:  0    Dex: 13    Spells: 0 memorised, 9 levels left

rFire  . . .     SeeInvis .     p - +0 war axe
rCold  . . .     Gourm    .     n - +0 ring mail
rNeg   . . .     Faith    .     (no shield)
rPois  .         Spirit   .     d - +0 helmet
rElec  .         Reflect  .     (no cloak)
rCorr  .         Harm     .     (no gloves)
MR     .....                    (no boots)
Stlth  +.........               (no amulet)
                                (no ring)
                                (no ring)

@: corroded
A: no striking features
a: Renounce Religion


You were on level 6 of the Dungeon.
You worshipped Okawaru.
Okawaru was noncommittal.
You were not hungry.

You visited 2 branches of the dungeon, and saw 7 of its levels.

You collected 167 gold pieces.

Inventory:

Hand Weapons
 p - a +0 war axe (weapon)
Armour
 d - a +0 helmet (worn)
 n - a +0 ring mail (worn)
Wands
 k - a wand of iceblast (6/15)
Scrolls
 c - 2 scrolls of identify {unknown}
 f - a scroll of recharging
 h - 3 scrolls of immolation
 i - 4 scrolls of remove curse
 j - a scroll of teleportation {unknown}
 m - a scroll of random uselessness {unknown}
 q - a scroll of enchant weapon {unknown}
 r - 2 scrolls of magic mapping
Potions
 b - 2 potions of haste
Comestibles
 a - 2 fruits
 g - 2 bread rations
 l - a meat ration


   Skills:
 + Level 4.5 Fighting
 + Level 5.3 Axes
   Level 2.0 Crossbows
 + Level 5.3 Armour
 + Level 4.4 Dodging
 - Level 1.0 Stealth
 - Level 1.0 Spellcasting
   Level 2.0 Translocations
 - Level 1.0 Evocations


You had 9 spell levels left.
You didn't know any spells.

Dungeon Overview and Level Annotations

Branches:
Dungeon (6/15)             Temple (1/1) D:5

Altars:
Ashenzari
Cheibriados
Dithmenos
Gozag
Hepliaklqana
Kikubaaqudgha
Makhleb
Nemelex Xobeh
Okawaru
Ru
Sif Muna
Uskayaw
Xom
Yredelemnul
Zin
The Shining One

Shops:
D:5 ?


Message History

You hit the hornet zombie but do no damage.
The hornet zombie hits you but does no damage.
The jelly barely misses you.
You hit the jelly. The acid corrodes you!
Your hands burn!
The jelly is lightly wounded.
You closely miss the hornet zombie. The hornet zombie hits you!
The hornet zombie hits you. The jelly misses you.
You slash the jelly!
Your hands burn!
The jelly is almost dead.
You hit the hornet zombie. The hornet zombie hits you! The jelly hits you.
The acid corrodes you!
You are splashed with acid!
The acid burns!
* * * LOW HITPOINT WARNING * * *
The hornet zombie hits you!
* * * LOW HITPOINT WARNING * * *
You are too injured to fight recklessly!
Unknown command.
Unknown command.
The hornet zombie closely misses you. The hornet zombie hits you!
You die...

#....##+#.#.............
#....# #.#.............
####....##.#.#.............
...........#...............
####....######.............
####....# ###J##########
..##....# #.# #.##....# #Z#
#.####### #@# #.### ####.#
#...# #....# ###.# #.####
#.# #...# #.# ###.# #.# #.#
#.# #####.# #.# #.....#


You could see a jelly and a hornet zombie.

Vanquished Creatures
  Sigmund (D:4)
  Eustachio (D:4)
  A black bear (D:4)
  2 ogres
  A centaur (D:6)
  2 crimson imps
  2 hounds
  A jelly (D:6)
  An orc wizard (D:5)
  A bullfrog skeleton (D:5)
  An orc priest (D:5)
  2 iguanas
  A worker ant (D:4)
  2 hound skeletons (D:6)
  15 adders
  4 worms
  4 dart slugs (D:1)
  5 leopard geckos
  12 orcs
  4 ball pythons
  9 bats
  4 giant cockroaches
  9 goblins
  10 hobgoblins
  6 jackals
  6 quokkas
  A ball python skeleton (D:5)
  2 frilled lizards (D:1)
  A giant cockroach zombie (D:5)
  13 kobolds
  A quokka skeleton (D:5)
  8 rats
133 creatures vanquished.

Notes
Turn   | Place    | Note
-------+----------+-------------------------------------------
     0 | D:1      | Gingerlord the Human Wanderer began the quest for the Orb.
     0 | D:1      | Gingerlord set off with: a +2 dagger, a scroll of fear, a +0 hand crossbow, 25 bolts, Sif Muna's Papyrus of Enchantment, a +0 robe, a bread ration
     0 | D:1      | Reached XP level 1. HP: 15/15 MP: 2/2
   259 | D:1      | Reached XP level 2. HP: 20/21 MP: 3/3
   436 | D:1      | Reached skill level 1 in Dodging
   555 | D:1      | Reached XP level 3. HP: 26/26 MP: 4/4
  1262 | D:2      | Reached XP level 4. HP: 15/33 MP: 5/5
  2142 | D:2      | Reached XP level 5. HP: 38/38 MP: 6/6
  2450 | D:2      | Noticed a hippogriff
  2818 | D:3      | Reached skill level 1 in Axes
  3782 | D:4      | Found a burning altar of Makhleb.
  3785 | D:4      | Found a glowing silver altar of Zin.
  3788 | D:4      | Found a hazy altar of Hepliaklqana.
  3823 | D:4      | Noticed Eustachio
  3881 | D:4      | Reached XP level 6. HP: 42/46 MP: 7/7
  3886 | D:4      | Noticed a black bear
  4265 | D:4      | Killed Eustachio
  4265 | D:4      | Reached XP level 7. HP: 22/52 MP: 8/8
  4647 | D:4      | Noticed Sigmund
  5259 | D:4      | Killed Sigmund
  5259 | D:4      | Reached XP level 8. HP: 46/60 MP: 9/9
  5334 | D:5      | Entered Level 5 of the Dungeon
  5408 | D:5      | Found Angeonuu's Magic Scroll Shoppe.
  5482 | D:5      | Found a shattered altar of Ashenzari.
  6284 | D:5      | HP: 2/60 [orc wizard/magic dart (8)]
  6611 | D:5      | Found a staircase to the Ecumenical Temple.
  6674 | Temple   | Entered the Ecumenical Temple
  6695 | Temple   | Became a worshipper of Warmaster Okawaru
  6791 | D:5      | Reached skill level 5 in Armour
  7256 | D:5      | Reached skill level 5 in Axes
  7869 | D:6      | Mangled by a hornet zombie

Skill      XL: |  1  2  3  4  5  6  7  8 |
---------------+-------------------------+-----
Dodging        | 1 2 3 4 |  4.4
Fighting       | 2 3 4 |  4.5
Armour         | 3 4 5 |  5.3
Axes           | 1 2 4 5 |  5.3
Crossbows      | |  2.0
Stealth        | |  1.0
Spellcasting   | |  1.0
Translocations | |  2.0
Evocations     | |  1.0

Action                   |  1- 3 |  4- 6 |  7- 9 || total
-------------------------+-------+-------+-------++-------
Melee: War axe           |       |   202 |   222 ||   424
 Fire: Hand crossbow     |    88 |    37 |       ||   125
  Use: Potion            |       |     3 |     2 ||     5
       Scroll            |       |       |     9 ||     9
  Eat: Chunk             |       |    11 |       ||    11
       Bread ration      |       |       |     3 ||     3
Armor: Robe              |     1 |       |       ||     1
       Leather armour    |    10 |       |       ||    10
       Ring mail         |     6 |   121 |    98 ||   225
       Skin              |       |    44 |       ||    44
Dodge: Dodged            |    37 |   203 |   166 ||   406
